 Dungeon Crawl Stone Soup version 0.32-a0-643-ga006e7742e (webtiles) character file.

Game seed: 15897397781701924011

2100 Fodor the Cleaver (level 9, 0/75 HPs)
             Began as a Minotaur Fighter on Mar 7, 2024.
             Slain by a two-headed ogre
             ... wielding a +0 giant spiked club
              (6 damage)
             ... on level 7 of the Dungeon.
             The game lasted 00:14:02 (5800 turns).

Fodor the Cleaver (Minotaur Fighter)                Turns: 5800, Time: 00:14:03

Health: 0/75       AC: 10    Str: 29    XL:     9   Next: 7%
Magic:  8/8        EV:  9    Int:  4    God:
Gold:   318        SH:  5    Dex:  9    Spells: 8/8 levels left

rFire   . . .        h - +3 trident (drain)
rCold   + . .        c - +0 buckler
rNeg    . . .        v - +0 chain mail
rPois   .            (helmet restricted)
rElec   .            (no cloak)
rCorr   .            (no gloves)
SInv    +            (no boots)
Will    .....        (no amulet) Stlth
                     l - ring of see invisible
HPRegen 0.32/turn    (no ring)
MPRegen 0.11/turn

%: no passive effects
@: no status effects
A: horns 2, retaliatory headbutt, cold resistance 1, mutation resistance 1,
strong 1
a: no special abilities


You were on level 7 of the Dungeon.
You visited 1 branch of the dungeon, and saw 7 of its levels.

You collected 318 gold pieces.

Inventory:

Hand Weapons
 a - a +0 war axe
 h - a +3 trident of draining (weapon)
Missiles
 u - 2 boomerangs (quivered)
 w - a throwing net
Armour
 c - a +0 buckler (worn)
 v - a +0 chain mail (worn)
Jewellery
 l - a ring of see invisible (left hand)
Talismans
 f - a blade talisman
Wands
 x - a wand of warping (5)
Scrolls
 b - a scroll of acquirement {unknown}
 e - 4 scrolls of fear {unknown}
 i - a scroll of noise {unknown}
 j - a scroll of fog {unknown}
 k - 2 scrolls of enchant weapon {unknown}
 m - a scroll of identify {unknown}
 o - a scroll of enchant armour {unknown}
 p - 3 scrolls of immolation {unknown}
 q - 3 scrolls of amnesia {unknown}
 r - a scroll of teleportation {unknown}
 s - a scroll of blinking {unknown}
 y - a scroll of summoning {unknown}
Potions
 d - 2 potions of might
 g - 3 potions of lignification
 n - a potion of cancellation {unknown}
 t - a potion of mutation
 z - a potion of brilliance {unknown}


   Skills:
 + Level 6.2 Fighting
 + Level 9.0(9.1) Axes
 + Level 1.1(5.7) Polearms
 + Level 2.5 Throwing
 + Level 8.1 Armour
 + Level 3.1 Dodging
 + Level 0.4 Stealth
 + Level 5.8 Shields


You had 8 spell levels left.
You didn't know any spells.
Your spell library contained the following spells:

 Spells                   Type           Power      Damage    Failure   Level
 Shock                    Conj/Air       0%         1d3       94%         1
 Sting                    Conj/Alch      0%         1d3       94%         1
 Mercury Vapours          Alch/Air       0%         N/A       98%         2
 Dazzling Flash           Conj/Hex       0%         N/A       100%        3
 Mephitic Cloud           Conj/Alch/Air  0%         N/A       100%        3
 Teleport Other           Tloc           0%         N/A       100%        3
 Olgreb's Toxic Radiance  Alch           0%         N/A       100%        4
 Vhi's Electric Charge    Tloc/Air       0%         N/A       100%        4
 Arcjolt                  Conj/Air       0%         1d10      100%        5
 Curse of Agony           Necr           0%         N/A       100%        5
 Silence                  Hex/Air        0%         N/A       100%        5
 Plasma Beam              Fire/Air       0%         2x1d10    100%        6
 Lehudib's Crystal Spear  Conj/Erth      0%         10d2      100%        8


Dungeon Overview and Level Annotations

Branches:
Dungeon (7/15)
 Temple: D:4-7

Altars:
Ashenzari
Cheibriados
Okawaru
Xom
The Shining One

Shops:
D:2 (

Annotations:
D:3 2 transporters, Sirjeffry24's ghost, amateur DrSh


Innate Abilities, Weirdness & Mutations

You have a pair of horns on your head.
You reflexively headbutt those who attack you in melee.
Your flesh is cold resistant. (rC+)
You are somewhat resistant to further mutation.
Your muscles are strong. (Str +4, Int/Dex -1)


Message History

You throw a boomerang. The boomerang hits the sleepcap.
The sleepcap is almost destroyed.
The sleepcap completely misses you.
You throw a boomerang. The boomerang hits the sleepcap!
You destroy the sleepcap!
Your base Polearms skill increases to level 1!
Found a stone staircase leading up.
Found 8 stones.
y - a scroll labelled UDAITHAXIR
There is a stone staircase leading up here.
Done exploring.
Done exploring.
There is a stone staircase leading up here.
There is a stone staircase leading down here.
You climb downwards.
Found an escape hatch in the ceiling.
There is a stone staircase leading up here.
A two-headed ogre comes into view.
It is wielding a +0 giant spiked club and a +0 giant club.
The two-headed ogre shouts in stereo!
Found 13 gold pieces.
The two-headed ogre misses you.
The two-headed ogre hits you with a +0 giant club!
You puncture the two-headed ogre! You drain the two-headed ogre.
The two-headed ogre is moderately wounded.
You barely miss the two-headed ogre.
The two-headed ogre is moderately wounded.
The two-headed ogre barely misses you.
The two-headed ogre hits you with a +0 giant club!
You hit the two-headed ogre. You headbutt the two-headed ogre.
The two-headed ogre is heavily wounded.
The two-headed ogre hits you with a +0 giant spiked club!!
The two-headed ogre hits you with a +0 giant club!
* * * LOW HITPOINT WARNING * * *
You puncture the two-headed ogre!
The two-headed ogre is severely wounded.
You puncture the two-headed ogre!
The two-headed ogre is almost dead.
The two-headed ogre hits you with a +0 giant spiked club!
* * * LOW HITPOINT WARNING * * *
The two-headed ogre hits you with a +0 giant club.
You die...

#<..^....
#####........
#............
#.###..######
#.....##
....###.## #
#...#
#.#.#.##
#....@.#
#....O.#
#......#
#.........
...........
#.........#.
..........###
.$...##....


You could see a two-headed ogre (drained).

Vanquished Creatures
  Jeremiah (D:6)
  Grinder (D:6)
  Eustachio (D:6)
  A water moccasin (D:5)
  Duvessa (D:6)
  A black bear (D:4)
  An ice beast (D:5)
  A phantom (D:6)
  A bullfrog (D:6)
  5 scorpions
  Dowan (D:6)
  2 bombardier beetles
  A hound (D:5)
  A jelly (D:5)
  An orc priest (D:4)
  2 gnoll boudas
  3 iguanas (D:5)
  A sleepcap (D:6)
  Natasha (twice) (D:2)
  An orc wizard (D:4)
  7 gnolls
  6 adders
  A shadow imp (D:6)
  4 ufetubi (D:6)
  2 dart slugs
  11 orcs
  4 bats
  3 endoplasms
  6 giant cockroaches
  4 goblins
  5 hobgoblins
  7 quokkas
  3 ball pythons
  3 frilled lizards
  4 kobolds
  2 rats
101 creatures vanquished.

Notes
Turn   | Place    | Note
-------+----------+-------------------------------------------
     0 | D:1      | Fodor the Minotaur Fighter began the quest for the Orb.
     0 | D:1      | Reached XP level 1. HP: 19/19 MP: 0/0
   528 | D:1      | Reached XP level 2. HP: 27/27 MP: 1/1
  1108 | D:2      | Reached XP level 3. HP: 33/34 MP: 2/2
  1246 | D:2      | Found Jaoq's Weapon Boutique.
  1341 | D:2      | Noticed Natasha
  1347 | D:2      | Killed Natasha
  1348 | D:2      | Reached skill level 3 in Axes
  1364 | D:2      | Reached XP level 4. HP: 40/41 MP: 3/3
  1369 | D:2      | Noticed a scorpion
  1377 | D:2      | Killed a scorpion
  1532 | D:2      | Noticed Natasha
  1540 | D:2      | Killed Natasha
  1541 | D:2      | Reached skill level 1 in Dodging
  1541 | D:2      | Reached XP level 5. HP: 28/47 MP: 4/4
  1744 | D:3      | Found a transporter.
  1745 | D:3      | Noticed Sirjeffry24's ghost (amateur DrSh)
  1745 | D:3      | Noticed an ogre
  1746 | D:3      | Noticed an ogre
  1749 | D:3      | Found a transporter.
  1934 | D:3      | Reached skill level 4 in Axes
  1956 | D:3      | Found a glowing golden altar of the Shining One.
  2382 | D:3      | Found an iron altar of Okawaru.
  2458 | D:4      | Noticed a black bear
  2471 | D:4      | Killed a black bear
  2472 | D:4      | Reached skill level 5 in Armour
  2472 | D:4      | Reached XP level 6. HP: 24/55 MP: 5/5
  2588 | D:4      | Found a shimmering altar of Xom.
  2596 | D:4      | Found a snail-covered altar of Cheibriados.
  2657 | D:4      | Reached skill level 5 in Fighting
  2657 | D:4      | Reached skill level 5 in Axes
  2893 | D:4      | Got the Book of the Limned Vertex
  3447 | D:5      | Entered Level 5 of the Dungeon
  3499 | D:5      | Noticed an ice beast
  3506 | D:5      | Killed an ice beast
  3568 | D:5      | Noticed a water moccasin
  3578 | D:5      | Killed a water moccasin
  3579 | D:5      | Reached skill level 6 in Axes
  3579 | D:5      | Reached XP level 7. HP: 61/61 MP: 6/6
  4078 | D:5      | Reached skill level 7 in Axes
  4312 | D:6      | Reached skill level 5 in Shields
  4478 | D:6      | Reached XP level 8. HP: 67/69 MP: 7/7
  4511 | D:6      | Found a broken altar of Ashenzari.
  4684 | D:6      | Noticed Duvessa
  4686 | D:6      | Noticed Dowan
  4703 | D:6      | Killed Duvessa
  4754 | D:6      | Gained mutation: Your muscles are strong. (Str +4, Int/Dex
                  | -1) [potion of mutation]
  4754 | D:6      | Gained mutation: Your flesh is cold resistant. (rC+)
                  | [potion of mutation]
  4754 | D:6      | Gained mutation: You are somewhat resistant to further
                  | mutation. [potion of mutation]
  4756 | D:6      | Killed Dowan
  4904 | D:6      | Reached skill level 8 in Axes
  4941 | D:6      | Noticed Eustachio
  4947 | D:6      | Killed Eustachio
  4948 | D:6      | Reached skill level 1 in Throwing
  5061 | D:6      | Noticed Jeremiah
  5094 | D:6      | Killed Jeremiah
  5472 | D:6      | Noticed Grinder
  5480 | D:6      | Killed Grinder
  5481 | D:6      | Reached skill level 9 in Axes
  5481 | D:6      | Reached XP level 9. HP: 47/75 MP: 8/8
  5650 | D:6      | Reached skill level 1 in Polearms
  5792 | D:7      | Noticed a two-headed ogre
  5800 | D:7      | Slain by a two-headed ogre

Illustrated notes

Levels and vault maps discovered:
D:1:      minmay_arrival_hallway, layout_basic, grunt_decor_one_mirror,
          roderic_roman_lattice
D:2:      layout_basic, serial_rivers, chequers_serial_rivers_room_b,
          chequers_serial_rivers_micro_a, chequers_serial_rivers_micro_b,
          chequers_serial_rivers_micro_d, chequers_serial_rivers_micro_b,
          chequers_serial_rivers_micro_e, serial_shops,
          nicolae_shop_bloodbath_and_beyond, uniq_natasha
D:3:      layout_basic, mainiacjoe_overflow_big_doors, gammafunk_ghost_smash,
          minmay_surrounded
D:4:      layout_loops_corners, mainiacjoe_overflow_small_starburst,
          mainiacjoe_overflow_surrounded_room, corexii_checkpoint
D:5:      layout_gridville, serial_bayou_pond_d, hangedman_decor_points,
          minmay_circle_x
D:6:      layout_layer_cave, nicolae_ashenzari_panopticon, serial_glass,
          glass_columns_a, glass_columns_b, uniq_eustachio, uniq_duvessa,
          uniq_jeremiah, uniq_grinder
D:7:      gammafunk_the_bubble [the_bubble_gammafunk_crates], layout_rooms,
          minmay_temple_entry_fiery, serial_shops, nicolae_square_shop

Skill      XL: |  1  2  3  4  5  6  7  8  9 |
---------------+----------------------------+-----
Fighting       | 4 5 6 |  6.2
Shields        | 4 5 |  5.8
Armour         | 4 5 6 8 |  8.1
Axes           | 3 4 6 7 9 |  9.0
Dodging        | 1 2 3 |  3.1
Throwing       | 2 |  2.5
Polearms       | 1 |  1.1
Stealth        | |  0.4

Action                     |  1- 3 |  4- 6 |  7- 9 || total
---------------------------+-------+-------+-------++-------
  Melee: War axe           |    36 |   105 |   115 ||   256
         Headbutt          |     3 |    15 |    32 ||    50
         Trident           |       |       |    10 ||    10
  Throw: Boomerang         |       |       |    19 ||    19
         Throwing net      |       |       |     1 ||     1
    Use: Potion            |       |       |     6 ||     6
 Armour: Scale mail        |    31 |    77 |       ||   108
         Chain mail        |       |    21 |    97 ||   118
         Skin              |       |       |     8 ||     8
  Dodge: Dodged            |    23 |    50 |    59 ||   132
  Block: Buckler           |     3 |    30 |    44 ||    77

Table legend: (Time is in decaauts)
 A = Elapsed time spent in this place.
 B = Non-inter-level travel time spent in this place.
 C = Inter-level travel time spent in this place.
 D = Time resting spent in this place.
 E = Time spent auto-exploring this place.
 F = Levels seen in this place.
 G = Mean time per level.
                   A        B        C        D        E       F      G
               +--------+--------+--------+--------+--------+-----+--------+
         Total |   5870 |   5742 |    128 |    281 |   4308 |   7 |  838.6 |
       Dungeon |   5870 |   5742 |    128 |    281 |   4308 |   7 |  838.6 |
               +--------+--------+--------+--------+--------+-----+--------+

Top non-repeatable levels by time:
     D:6: 1474 daAuts
     D:4: 1054 daAuts
     D:1: 971 daAuts
     D:5: 878 daAuts
     D:2: 805 daAuts
     D:3: 673 daAuts
     D:7: 12 daAuts
